 Dungeon Crawl Stone Soup version 0.27-a0-333-gfa571bf19a (webtiles) character file.

Game seed: 4131830298553612703

156 skwiii the Sneak (level 5, 0/24 HPs)
             Began as a Spriggan Enchanter on Feb 13, 2021.
             Killed by divine providence
             ... invoked by an orc priest
              (13 damage)
             ... on level 3 of the Dungeon.
             The game lasted 00:12:02 (4641 turns).

skwiii the Sneak (Spriggan Enchanter)               Turns: 4641, Time: 00:12:04

Health: 0/24       AC:  2    Str:  4    XL:     5   Next: 14%
Magic:  10/11      EV: 19    Int: 17    God:
Gold:   192        SH:  0    Dex: 16    Spells: 8/11 levels left

rFire    . . .     SeeInvis +   a - +2 dagger
rCold    . . .     Faith    .   (shield restricted)
rNeg     . . .     Spirit   .   b - +0 robe
rPois    .         Reflect  .   (helmet restricted)
rElec    .         Harm     .   (no cloak)
rCorr    .         Rampage  .   (gloves unavailable)
Will     .....                  (boots unavailable)
Stlth    +++.......             h - amulet of magic regeneration
HPRegen  0.08/turn              d - ring of flight
MPRegen  0.37/turn              (no ring)

@: very quick
A: very small, unfitting armour, see invisible, speed 3
a: Evoke Flight


You were on level 3 of the Dungeon.
You visited 1 branch of the dungeon, and saw 3 of its levels.

You collected 192 gold pieces.

Inventory:

Hand Weapons
 a - a +2 dagger (weapon)
 c - a +4 dagger
 r - a +0 dagger
 s - a +0 short sword
Armour
 b - a +0 robe (worn)
 k - a +0 robe
Jewellery
 d - a ring of flight (left hand)
 h - an amulet of magic regeneration (around neck)
 o - an amulet of guardian spirit {unknown}
 p - an amulet of reflection {unknown}
 t - a ring of resist corrosion {unknown}
Scrolls
 i - a scroll of enchant armour {unknown}
 l - a scroll of random uselessness {unknown}
 m - a scroll of enchant weapon
 q - a scroll of teleportation {unknown}
Potions
 e - a potion of heal wounds
 f - a potion of attraction {unknown}
 g - a potion of lignification
 j - a potion of degeneration {unknown}
 n - 2 potions of curing


   Skills:
 + Level 2.5 Short Blades
 + Level 3.9 Dodging
 + Level 5.7 Stealth
 + Level 3.7 Spellcasting
 + Level 4.5 Hexes


You had 8 spell levels left.
You knew the following spells:

 Your Spells              Type           Power        Failure   Level
a - Corona                Hex            20%          2%          1
b - Ensorcelled Hibernat  Hex/Ice        20%          10%         2

Your spell library contained the following spells:

 Spells                   Type           Power        Failure   Level
 Confusing Touch          Hex            18%          8%          3
 Tukima's Dance           Hex            18%          8%          3
 Dazzling Flash           Conj/Hex       20%          19%         3


Dungeon Overview and Level Annotations

Branches:
Dungeon (3/15)

Altars:
Uskayaw


Innate Abilities, Weirdness & Mutations

You are very small and have problems with some larger weapons.
You are too small for most types of armour.
You have supernaturally acute eyesight. (SInv)
You cover ground extremely quickly.


Message History

Aiming: Ensorcelled Hibernation (safe; 10% risk of failure)
Press: ? - help, Shift-Dir - straight line, f - orc, p - orc priest
Aim: an orc, wielding a +0 flail and wearing a +0 ring mail (chance to affect: 59%)
The orc looks drowsy...
The teleport trap disappears.
The orc disappears!
The orc priest looks satisfied for a moment.
There is a stone staircase leading up here.
Casting: Ensorcelled Hibernation (safe; 10% risk of failure)
Confirm with . or Enter, or press ? or * to list all spells.
Aiming: Ensorcelled Hibernation (safe; 10% risk of failure)
Press: ? - help, Shift-Dir - straight line, f - orc
Aim: an orc (chance to affect: 59%)
The orc looks drowsy...
The helpless orc fails to defend itself.
You impale the orc!!
You kill the orc!
Casting: Ensorcelled Hibernation (safe; 10% risk of failure)
Confirm with . or Enter, or press ? or * to list all spells.
Aiming: Ensorcelled Hibernation (safe; 10% risk of failure)
Press: ? - help, Shift-Dir - straight line, f - you That would be overly suicidal.
Okay, then.
Unknown command.
Unknown command.
Casting: Ensorcelled Hibernation (safe; 10% risk of failure)
Confirm with . or Enter, or press ? or * to list all spells.
Aiming: Ensorcelled Hibernation (safe; 10% risk of failure)
Press: ? - help, Shift-Dir - straight line, f - orc priest
Aim: an orc priest, wearing a +0 leather armour (moderately wounded, not susceptible)
Okay, then.
You hit the orc priest.
The orc priest is moderately wounded.
The orc priest mumbles some strange prayers to Beogh against you.
Beogh smites you!
You hit the orc priest but do no damage.
The orc priest is moderately wounded.
The orc priest barely misses you.
The orc priest mumbles some strange prayers to Beogh against you.
Beogh smites you!
Ouch! That really hurt!
You die...

#..o# #...#
#...# #
#o..#####.
#.#.o.......
#....#####..
####.#
#.####o#####(#
#...@o.......#
###########...


You could see 2 orc priests.

Vanquished Creatures
  Natasha (thrice) (D:2)
  An adder (D:2)
  A shadow imp (D:2)
  3 dart slugs
  A leopard gecko (D:2)
  2 orcs
  6 bats
  3 giant cockroaches (D:1)
  7 goblins
  3 hobgoblins
  7 jackals (D:1)
  5 kobolds
  2 quokkas (D:2)
  2 ball pythons (D:2)
  6 frilled lizards
  4 rats
56 creatures vanquished.

Notes
Turn   | Place    | Note
-------+----------+-------------------------------------------
     0 | D:1      | skwiii the Spriggan Enchanter began the quest for the Orb.
     0 | D:1      | Reached XP level 1. HP: 9/9 MP: 5/5
   542 | D:1      | Reached XP level 2. HP: 13/13 MP: 3/6
   547 | D:1      | Learned a level 2 spell: Ensorcelled Hibernation
  1478 | D:1      | Reached XP level 3. HP: 16/16 MP: 5/8
  2051 | D:1      | Reached skill level 5 in Stealth
  2454 | D:2      | Noticed Natasha
  2460 | D:2      | Killed Natasha
  2472 | D:2      | Reached XP level 4. HP: 21/21 MP: 7/10
  2650 | D:2      | Noticed Natasha
  2672 | D:2      | Killed Natasha
  3055 | D:2      | Noticed Natasha
  3061 | D:2      | Killed Natasha
  3419 | D:2      | Found a hide-covered altar of Uskayaw.
  3421 | D:2      | Noticed a +0 hand axe
  3421 | D:2      | Noticed a +0 hand axe
  4092 | D:2      | Reached XP level 5. HP: 24/24 MP: 8/11
  4641 | D:3      | Killed from afar by an orc priest

Illustrated notes

Levels and vault maps discovered:
D:1:      lightli_arrival_maybe_door_vault, layout_basic,
          wad_floor_pattern_untrapped
D:2:      minmay_chambers_of_twos, layout_loops_ring, dancing_weapons_uskayaw,
          uniq_natasha
D:3:      layout_loops_ring, marbit_many_paths, nicolae_ru_path_of_blood

Skill      XL: |  1  2  3 |
---------------+----------+-----
Dodging        | 3 |  3.9
Spellcasting   | 3 |  3.7
Hexes          | 4 |  4.5
Stealth        | 5 |  5.7
Short Blades   | 2 |  2.5

Action                   |  1- 3 |  4- 6 || total
-------------------------+-------+-------++-------
Melee: Dagger            |   106 |    85 ||   191
 Cast: Corona            |    17 |    10 ||    27
       Ensorcelled Hiber |    21 |    34 ||    55
  Use: Potion            |     1 |     1 ||     2
       Scroll            |       |     3 ||     3
 Stab: Sleeping          |    13 |    19 ||    32
Armor: Robe              |     7 |     3 ||    10
Dodge: Dodged            |   101 |    66 ||   167

Table legend: (Time is in decaauts)
 A = Elapsed time spent in this place.
 B = Non-inter-level travel time spent in this place.
 C = Inter-level travel time spent in this place.
 D = Time resting spent in this place.
 E = Time spent auto-exploring this place.
 F = Levels seen in this place.
 G = Mean time per level.
                   A        B        C        D        E       F      G
               +--------+--------+--------+--------+--------+-----+--------+
         Total |   3956 |   3916 |     40 |   2401 |    818 |   3 | 1318.7 |
       Dungeon |   3956 |   3916 |     40 |   2401 |    818 |   3 | 1318.7 |
               +--------+--------+--------+--------+--------+-----+--------+

Top non-repeatable levels by time:
     D:1: 2290 daAuts
     D:2: 1642 daAuts
     D:3: 23 daAuts
